Blackhawks vs Flames
Created - May 8, 2020 at 19:22
Goals
|
| Blackhawks |
1 |
1 |
1 |
3 |
| Flames |
1 |
3 |
3 |
7 |
|
Shots
|
| Blackhawks |
6 |
8 |
10 |
24 |
| Flames |
2 |
14 |
12 |
28 |
|
1st period
1. Flames , Alexander Semin 34 (Eric Staal 71) at 7:42
2. Blackhawks , Rick Nash 28 (Chris Kreider 45, Derick Brassard 84) at 18:55 (PP)
Penalties :
Chris Kreider (Chi) for Hooking (Minor) at 0:08, Mikhail Grabovski (Cal) for Holding (Minor) at 18:15
2nd period
3. Flames , Mikhail Grabovski 7 (Brad Marchand 36) at 0:55
4. Blackhawks , Gabriel Bourque 7 (John Carlson 54, Mike Green 35) at 4:18
5. Flames , Peter Prucha 11 (Erik Johnson 50, Colin Wilson 18) at 5:00
6. Flames , Peter Prucha 12 (Steve Regier 18, Sami Vatanen 28) at 14:20
Penalties :
Alexander Semin (Cal) for Hooking (Minor) at 8:01, David Backes (Cal) for Elbowing (Minor) at 15:21
3rd period
7. Flames , Mikhail Grabovski 8 (Derek Meech 24) at 2:16
8. Blackhawks , Brandon Yip 9 (David Jones 7, John Carlson 55) at 12:44
9. Flames , Eric Staal 36 (Alexander Semin 38, Erik Johnson 51) at 13:01
10. Flames , David Backes 44 (Erik Johnson 52) at 13:43
Penalties :
Brad Marchand (Cal) for Interference (Minor) at 10:11, Eric Brewer (Chi) for Holding (Minor) at 15:25
Goalie Stats
Jimmy Howard (Chi), 6 saves from 10 shots - (0.600), L, 32-29-8, 34:20 minutes
Ray Emery (Chi), 15 saves from 18 shots - (0.833), 25:40 minutes
Jonas Gustavsson (Cal), 21 saves from 24 shots - (0.875), W, 29-17-6, 60:00 minutes
Players Stats for Blackhawks
Player Name G A P +/- PIM S H SB GA TA FO MP PP MP PK MP
------------------------------------------------------------------------------------
Antoine Roussel 0 0 0 -2 0 2 4 0 0 0 0/2 16:15 2:47 0:00
Brandon Yip 1 0 1 -1 0 1 1 0 0 0 0/2 11:42 0:20 0:00
Chris Kreider 0 1 1 -2 2 0 4 0 0 0 0/1 22:34 3:30 1:10
Cody Hodgson 0 0 0 -2 0 1 0 1 1 0 7/11 16:15 2:47 0:00
David Jones 0 1 1 0 0 1 0 1 0 0 0/0 6:40 0:00 0:00
Derick Brassard 0 1 1 -2 0 1 1 1 0 0 12/26 23:47 3:50 2:08
Eric Brewer 0 0 0 -2 2 1 2 1 0 2 0/0 19:58 2:49 0:51
Erik Christensen 0 0 0 -1 0 1 1 0 0 0 6/11 15:39 2:47 1:14
Gabriel Bourque 1 0 1 0 0 2 3 1 0 1 0/0 8:04 0:00 1:17
John Carlson 0 2 2 -2 0 2 1 1 1 2 0/0 28:30 3:48 2:03
Kevin Marshall 0 0 0 -1 0 0 0 0 0 0 0/0 10:43 0:00 0:00
Matthew Spiller 0 0 0 -2 0 0 1 0 0 0 0/0 20:47 2:49 1:55
Mike Green 0 1 1 -2 0 3 2 0 1 1 0/0 28:50 3:48 2:15
Nathan Horton 0 0 0 -2 0 0 0 0 0 0 0/1 13:11 0:00 0:00
Rick Nash 1 0 1 -2 0 4 1 0 0 0 3/4 22:13 3:30 0:56
Scott Gomez 0 0 0 0 0 2 0 0 1 0 0/1 7:58 0:00 1:11
Seth Jones 0 0 0 -1 0 0 0 1 0 0 0/0 11:12 0:00 0:52
Tomas Fleischmann 0 0 0 -1 0 3 0 0 0 1 0/0 11:42 0:20 0:00
Players Stats for Flames
Player Name G A P +/- PIM S H SB GA TA FO MP PP MP PK MP
------------------------------------------------------------------------------------
Alexander Radulov 0 0 0 2 0 3 0 0 0 0 0/1 19:15 2:17 0:00
Alexander Semin 1 1 2 2 2 5 8 0 0 0 0/3 21:10 2:17 1:56
Brad Marchand 0 1 1 1 2 1 1 1 1 0 0/1 17:46 1:41 2:35
Brendan Mikkelson 0 0 0 -2 0 0 1 0 0 0 0/0 15:00 0:00 2:48
Colin Wilson 0 1 1 2 0 6 1 0 1 0 7/10 14:17 0:00 2:53
David Backes 1 0 1 1 2 1 3 1 1 0 0/0 17:09 1:41 2:00
David Ullstrom 0 0 0 0 0 0 2 0 0 0 0/0 7:56 0:00 0:00
Derek Meech 0 1 1 2 0 1 3 4 0 2 0/0 20:48 1:31 3:49
Eric Staal 1 1 2 2 0 2 5 0 1 0 19/33 20:07 2:17 1:00
Erik Johnson 0 3 3 5 0 2 1 4 0 0 0/0 27:04 2:27 2:48
Kyle Palmieri 0 0 0 0 0 0 1 1 0 0 0/0 7:56 0:00 0:00
Mikhail Grabovski 2 0 2 0 2 3 2 0 0 0 1/2 10:19 0:00 2:24
Patrik Berglund 0 0 0 1 0 1 2 1 0 0 4/9 14:56 1:41 0:00
Peter Prucha 2 0 2 2 0 2 0 0 0 0 0/0 11:10 0:00 0:00
Sami Vatanen 0 1 1 4 0 0 1 0 1 1 0/0 20:38 2:27 0:00
Steve Eminger 0 0 0 3 0 1 1 0 2 1 0/0 21:41 0:00 3:32
Steve Regier 0 1 1 2 0 0 2 0 0 0 0/0 11:38 0:00 0:26
Tim Ramholt 0 0 0 -2 0 0 1 1 0 0 0/0 14:29 1:31 0:17
3 Stars
1 - Erik Johnson (Cal)
2 - Eric Staal (Cal)
3 - Alexander Semin (Cal)
Power Play
Blackhawks - 1 on 4 Attempt(s) - 25.00%
Flames - 0 on 2 Attempt(s) - 0.00%
Penalty Kill
Blackhawks - 2 on 2 Attempt(s) - 100.00%
- Score 0 goal in Penalty Kill
Flames - 3 on 4 Attempt(s) - 75.00%
- Score 0 goal in Penalty Kill
Team Stat
Blackhawks - Hits : 21 - Faceoff Wins : 28 - Blocked Shots : 7 - Penalty Minutes : 4
Flames - Hits : 35 - Faceoff Wins : 31 - Blocked Shots : 13 - Penalty Minutes : 8
Official
Referees : Unknown
Linesman : Unknown
Game Notes
Ray Emery enters game at 14:20 of 2nd period
Finance
Level 1 -- Attendance: 4369 (72.82%) -- Ticket Income $476,221
Level 2 -- Attendance: 3920 (78.40%) -- Ticket Income $278,320
Level 3 -- Attendance: 1444 (72.20%) -- Ticket Income $66,424
Level 4 -- Attendance: 2810 (70.25%) -- Ticket Income $87,110
Luxury Box -- Attendance: 805 (80.50%) -- Ticket Income $149,730
Game was played at the Metal Center.
Total Attendance: 13348 (74.16%)
Total Ticket Income: $1,057,805
Other Income: $158,671
Total Income: $1,216,476
Blackhawks
5 vs 5 Forward
Center Left Wing Right Wing Time % Phy DF OF
1 Derick Brassard Chris Kreider Rick Nash 40 1 2 2
2 Cody Hodgson Antoine Roussel Nathan Horton 30 1 2 2
3 Erik Christensen Tomas Fleischmann Brandon Yip 20 1 2 2
4 Scott Gomez Gabriel Bourque David Jones 10 1 2 2
5 vs 5 Defense
Defense Defense Time % Phy DF OF
1 Mike Green John Carlson 40 1 2 2
2 Matthew Spiller Eric Brewer 30 1 2 2
3 Kevin Marshall Seth Jones 20 1 2 2
4 Mike Green John Carlson 10 1 2 2
PowerPlay Forward
Center Left Wing Right Wing Time % Phy DF OF
1 Derick Brassard Chris Kreider Rick Nash 60 1 2 2
2 Erik Christensen Antoine Roussel Cody Hodgson 40 1 2 2
PowerPlay Defense
Defense Defense Time % Phy DF OF
1 Mike Green John Carlson 60 1 2 2
2 Matthew Spiller Eric Brewer 40 1 2 2
Penalty Kill 4 Players Forward
Center Wing Time % Phy DF OF
1 Derick Brassard Chris Kreider 60 1 2 2
2 Erik Christensen Rick Nash 40 1 2 2
Penalty Kill 4 Players Defense
Defense Defense Time % Phy DF OF
1 Mike Green John Carlson 60 1 2 2
2 Matthew Spiller Eric Brewer 40 1 2 2
Penalty Kill - 3 Players Forward
Forward Time % Phy DF OF
1 Erik Christensen 60 1 2 2
2 Derick Brassard 40 1 2 2
Penalty Kill - 3 Players Defense
Defense Defense Time % Phy DF OF
1 Mike Green John Carlson 60 1 2 2
2 Matthew Spiller Eric Brewer 40 1 2 2
4 vs 4 Forward
Center Wing Time % Phy DF OF
1 Derick Brassard Rick Nash 60 1 2 2
2 Antoine Roussel Chris Kreider 40 1 2 2
4 vs 4 Defense
Defense Defense Time % Phy DF OF
1 Mike Green John Carlson 60 1 2 2
2 Matthew Spiller Eric Brewer 40 1 2 2
Last Minutes Offensive
Center Left Wing Right Wing Defense Defense
Derick Brassard Chris Kreider Rick Nash Mike Green John Carlson
Last Minutes Defensive
Center Left Wing Right Wing Defense Defense
Derick Brassard Chris Kreider Rick Nash Mike Green John Carlson
Goaltenders
Starting : Jimmy Howard
Backup : Ray Emery
Extra Forwards
Normal : Tomas Fleischmann, Erik Christensen, Gabriel Bourque - PP : Tomas Fleischmann, Erik Christensen - PK : Scott Gomez
Extra Defensemen
Normal : Kevin Marshall, Seth Jones, Matthew Spiller - PP : Kevin Marshall - PK : Seth Jones, Matthew Spiller
Penalty Shots
Chris Kreider, Derick Brassard, Antoine Roussel, Rick Nash, Cody Hodgson
Scratches
None
Flames
5 vs 5 Forward
Center Left Wing Right Wing Time % Phy DF OF
1 Eric Staal Alexander Semin Alexander Radulov 40 1 2 2
2 Patrik Berglund Brad Marchand David Backes 33 2 2 1
3 Colin Wilson Steve Regier Peter Prucha 19 2 2 1
4 Mikhail Grabovski David Ullstrom Kyle Palmieri 8 2 2 1
5 vs 5 Defense
Defense Defense Time % Phy DF OF
1 Erik Johnson Sami Vatanen 38 1 2 2
2 Derek Meech Steve Eminger 29 2 2 1
3 Brendan Mikkelson Tim Ramholt 23 2 2 1
4 Erik Johnson Steve Eminger 10 2 2 1
PowerPlay Forward
Center Left Wing Right Wing Time % Phy DF OF
1 Eric Staal Alexander Semin Alexander Radulov 60 1 0 4
2 Patrik Berglund Brad Marchand David Backes 40 1 0 4
PowerPlay Defense
Defense Defense Time % Phy DF OF
1 Erik Johnson Sami Vatanen 60 1 1 3
2 Derek Meech Tim Ramholt 40 1 1 3
Penalty Kill 4 Players Forward
Center Wing Time % Phy DF OF
1 Colin Wilson Brad Marchand 50 1 4 0
2 Mikhail Grabovski David Backes 50 1 4 0
Penalty Kill 4 Players Defense
Defense Defense Time % Phy DF OF
1 Derek Meech Steve Eminger 58 1 4 0
2 Erik Johnson Brendan Mikkelson 42 1 4 0
Penalty Kill - 3 Players Forward
Forward Time % Phy DF OF
1 Eric Staal 50 1 4 0
2 Brad Marchand 50 1 4 0
Penalty Kill - 3 Players Defense
Defense Defense Time % Phy DF OF
1 Derek Meech Steve Eminger 58 1 4 0
2 Erik Johnson Brendan Mikkelson 42 1 4 0
4 vs 4 Forward
Center Wing Time % Phy DF OF
1 Eric Staal Alexander Semin 60 2 2 1
2 Colin Wilson Brad Marchand 40 2 2 1
4 vs 4 Defense
Defense Defense Time % Phy DF OF
1 Erik Johnson Sami Vatanen 60 2 2 1
2 Derek Meech Tim Ramholt 40 2 2 1
Last Minutes Offensive
Center Left Wing Right Wing Defense Defense
Eric Staal Alexander Semin Alexander Radulov Erik Johnson Sami Vatanen
Last Minutes Defensive
Center Left Wing Right Wing Defense Defense
Eric Staal Alexander Semin David Backes Erik Johnson Sami Vatanen
Goaltenders
Starting : Jonas Gustavsson
Backup : Pekka Rinne
Extra Forwards
Normal : Brad Marchand, Alexander Semin, David Ullstrom - PP : David Ullstrom, Colin Wilson - PK : Brad Marchand
Extra Defensemen
Normal : Sami Vatanen, Steve Eminger, Tim Ramholt - PP : Sami Vatanen - PK : Erik Johnson, Tim Ramholt
Penalty Shots
Eric Staal, Alexander Semin, David Backes, Brad Marchand, Patrik Berglund
Scratches
None
% Time on Ice - Blackhawks
Lines # - Real PCT - Wanted PCT - Time Play
Normal Forward
1 - 36% - 40% - 17:56
2 - 27% - 30% - 13:28
3 - 23% - 20% - 11:21
4 - 13% - 10% - 6:40
Normal Defense
1 - 41% - 40% - 20:03
2 - 33% - 30% - 16:24
3 - 21% - 20% - 10:22
4 - 5% - 10% - 2:36
PP Forward
1 - 58% - 60% - 3:50
2 - 42% - 40% - 2:47
PP Defense
1 - 57% - 60% - 3:48
2 - 43% - 40% - 2:49
PK Forward
1 - 76% - 60% - 3:02
2 - 24% - 40% - 0:56
PK Defense
1 - 52% - 60% - 2:03
2 - 48% - 40% - 1:55
PK3 Forward
1 - 0% - 60%
2 - 0% - 40%
PK3 Defense
1 - 0% - 60%
2 - 0% - 40%
44 Forward
1 - 0% - 60%
2 - 0% - 40%
44 Defense
1 - 0% - 60%
2 - 0% - 40%
Last Minute Offensive - 0:00
Last Minute Defensive - 0:00
Total
Forward - 60:00
Defense - 60:00
|
% Time on Ice - Flames
Lines # - Real PCT - Wanted PCT - Time Play
Normal Forward
1 - 35% - 40% - 17:04
2 - 27% - 33% - 13:15
3 - 23% - 19% - 11:10
4 - 16% - 8% - 7:56
Normal Defense
1 - 38% - 38% - 18:37
2 - 30% - 29% - 14:36
3 - 24% - 23% - 11:57
4 - 9% - 10% - 4:15
PP Forward
1 - 58% - 60% - 2:17
2 - 42% - 40% - 1:41
PP Defense
1 - 62% - 60% - 2:27
2 - 38% - 40% - 1:31
PK Forward
1 - 50% - 50% - 3:19
2 - 50% - 50% - 3:18
PK Defense
1 - 58% - 58% - 3:49
2 - 42% - 42% - 2:48
PK3 Forward
1 - 0% - 50%
2 - 0% - 50%
PK3 Defense
1 - 0% - 58%
2 - 0% - 42%
44 Forward
1 - 0% - 60%
2 - 0% - 40%
44 Defense
1 - 0% - 60%
2 - 0% - 40%
Last Minute Offensive - 0:00
Last Minute Defensive - 0:00
Total
Forward - 60:00
Defense - 60:00
|
Play-by-Play
1st period
0:01 of 1st period - Eric Staal wins face-off versus Derick Brassard in neutral zone.
0:08 of 1st period - Minor Penalty to Chris Kreider for Hooking.
0:09 of 1st period - Eric Staal wins face-off versus Derick Brassard in Blackhawks zone.
2:01 of 1st period - Mike Green is hit by Eric Staal and loses puck.
2:08 of 1st period - Penalty to Chris Kreider is over, Chris Kreider is back on ice.
2:18 of 1st period - Snap shot by Mike Green.
2:18 of 1st period - Deflect By Steve Regier.
2:18 of 1st period - Stopped by Jonas Gustavsson without a rebound.
2:19 of 1st period - Cody Hodgson wins face-off versus Colin Wilson in Flames zone.
2:20 of 1st period - Wrist shot by Antoine Roussel.
2:20 of 1st period - Stopped by Jonas Gustavsson with a rebound.
2:32 of 1st period - Seth Jones is hit by Colin Wilson.
3:06 of 1st period - Slapshot by Antoine Roussel.
3:06 of 1st period - Stopped by Jonas Gustavsson with a rebound.
3:08 of 1st period - Wrist shot by Cody Hodgson.
3:08 of 1st period - Shot Misses the Net.
3:28 of 1st period - Wrist shot by Peter Prucha.
3:28 of 1st period - Shot Misses the Net.
4:05 of 1st period - Eric Brewer is hit by Derek Meech and loses puck.
4:19 of 1st period - Off-side.
4:20 of 1st period - Eric Staal wins face-off versus Derick Brassard in neutral zone.
5:09 of 1st period - Wrist shot by Scott Gomez.
5:09 of 1st period - Stopped by Jonas Gustavsson without a rebound.
5:10 of 1st period - Mikhail Grabovski wins face-off versus Scott Gomez in Flames zone.
5:55 of 1st period - John Carlson is hit by Alexander Semin and loses puck.
6:04 of 1st period - Alexander Semin is hit by Erik Christensen and loses puck.
6:34 of 1st period - Icing by Tim Ramholt.
6:35 of 1st period - Derick Brassard wins face-off versus Patrik Berglund in Flames zone.
6:54 of 1st period - Snap shot by Brad Marchand.
6:54 of 1st period - Shot Misses the Net.
7:30 of 1st period - Wrist shot by Brad Marchand.
7:30 of 1st period - Deflect By John Carlson.
7:30 of 1st period - Shot Misses the Net.
7:30 of 1st period - Puck is out of play.
7:31 of 1st period - Erik Christensen wins face-off versus Alexander Radulov in Blackhawks zone.
7:38 of 1st period - Slapshot by Alexander Semin.
7:38 of 1st period - Shot Misses the Net.
7:40 of 1st period - Backhand shot by Eric Staal.
7:40 of 1st period - Shot Misses the Net.
7:42 of 1st period - Wrist shot by Alexander Semin.
7:42 of 1st period - Goal by Alexander Semin - Blackhawks : 0 - Flames : 1.
7:43 of 1st period - Eric Staal wins face-off versus Erik Christensen in neutral zone.
8:31 of 1st period - Wrist shot by Patrik Berglund.
8:31 of 1st period - Deflect By Seth Jones.
8:31 of 1st period - Shot Blocked by Cody Hodgson.
8:31 of 1st period - Puck is out of play.
8:32 of 1st period - Cody Hodgson wins face-off versus Patrik Berglund in Blackhawks zone.
8:58 of 1st period - Eric Staal is hit by Derick Brassard and loses puck.
9:05 of 1st period - Backhand shot by Derek Meech.
9:05 of 1st period - Stopped by Jimmy Howard without a rebound.
9:06 of 1st period - Derick Brassard wins face-off versus Eric Staal in Blackhawks zone.
9:17 of 1st period - Derick Brassard is hit by Alexander Semin and loses puck.
9:32 of 1st period - Tim Ramholt is hit by Eric Brewer and loses puck.
11:23 of 1st period - Sami Vatanen is hit by Gabriel Bourque and loses puck.
12:06 of 1st period - Alexander Radulov is hit by Mike Green and loses puck.
12:28 of 1st period - Chris Kreider is hit by David Backes and loses puck.
12:53 of 1st period - Gabriel Bourque is hit by David Ullstrom and loses puck.
13:15 of 1st period - Erik Christensen is hit by Alexander Semin and loses puck.
13:35 of 1st period - David Backes is hit by Antoine Roussel and loses puck.
13:56 of 1st period - Erik Johnson is hit by Chris Kreider and loses puck.
14:47 of 1st period - Backhand shot by Steve Regier.
14:47 of 1st period - Shot Misses the Net.
16:01 of 1st period - Sami Vatanen is hit by Eric Brewer and loses puck.
16:47 of 1st period - Icing by Eric Brewer.
16:48 of 1st period - Colin Wilson wins face-off versus Antoine Roussel in Blackhawks zone.
18:15 of 1st period - Minor Penalty to Mikhail Grabovski for Holding.
18:16 of 1st period - Colin Wilson wins face-off versus Derick Brassard in Flames zone.
18:20 of 1st period - Off-side.
18:21 of 1st period - Colin Wilson wins face-off versus Rick Nash in neutral zone.
18:35 of 1st period - Icing by Rick Nash.
18:36 of 1st period - Derick Brassard wins face-off versus Brad Marchand in Blackhawks zone.
18:49 of 1st period - Snap shot by Chris Kreider.
18:49 of 1st period - Shot Blocked by Derek Meech.
18:51 of 1st period - Snap shot by Chris Kreider.
18:51 of 1st period - Shot Blocked by Derek Meech.
18:53 of 1st period - Snap shot by Rick Nash.
18:53 of 1st period - Stopped by Jonas Gustavsson with a rebound.
18:55 of 1st period - Slapshot by Rick Nash.
18:55 of 1st period - Goal by Rick Nash - Blackhawks : 1 - Flames : 1.
18:56 of 1st period - Derick Brassard wins face-off versus Eric Staal in neutral zone.
19:23 of 1st period - John Carlson is hit by Brad Marchand and loses puck.
19:28 of 1st period - Snap shot by David Backes.
19:28 of 1st period - Shot Blocked by John Carlson.
Goals for this period are 1 for Blackhawks vs 1 for Flames.
Shots for this period are 6 for Blackhawks vs 2 for Flames.
2nd period
0:01 of 2nd period - Rick Nash wins face-off versus Eric Staal in neutral zone.
0:08 of 2nd period - Slapshot by John Carlson.
0:08 of 2nd period - Stopped by Jonas Gustavsson with a rebound.
0:55 of 2nd period - Snap shot by Mikhail Grabovski.
0:55 of 2nd period - Goal by Mikhail Grabovski - Blackhawks : 1 - Flames : 2.
0:56 of 2nd period - Cody Hodgson wins face-off versus Eric Staal in neutral zone.
1:10 of 2nd period - Snap shot by Antoine Roussel.
1:10 of 2nd period - Shot Misses the Net.
1:53 of 2nd period - Snap shot by Scott Gomez.
1:53 of 2nd period - Stopped by Jonas Gustavsson with a rebound.
1:55 of 2nd period - Snap shot by David Jones.
1:55 of 2nd period - Stopped by Jonas Gustavsson with a rebound.
2:37 of 2nd period - Slapshot by Cody Hodgson.
2:37 of 2nd period - Shot Misses the Net.
2:39 of 2nd period - Slapshot by Mike Green.
2:39 of 2nd period - Shot Blocked by David Backes.
2:41 of 2nd period - Snap shot by Antoine Roussel.
2:41 of 2nd period - Deflect By Cody Hodgson.
2:41 of 2nd period - Shot Blocked by Tim Ramholt.
2:41 of 2nd period - Puck is out of play.
2:42 of 2nd period - Erik Christensen wins face-off versus Alexander Semin in Flames zone.
2:50 of 2nd period - Off-side.
2:51 of 2nd period - Erik Christensen wins face-off versus Eric Staal in neutral zone.
3:25 of 2nd period - Off-side.
3:26 of 2nd period - Patrik Berglund wins face-off versus Derick Brassard in neutral zone.
3:53 of 2nd period - Mike Green is hit by Steve Regier and loses puck.
4:18 of 2nd period - Snap shot by Gabriel Bourque.
4:18 of 2nd period - Goal by Gabriel Bourque - Blackhawks : 2 - Flames : 2.
4:19 of 2nd period - Derick Brassard wins face-off versus Alexander Semin in neutral zone.
4:21 of 2nd period - Off-side.
4:22 of 2nd period - Rick Nash wins face-off versus Eric Staal in neutral zone.
4:25 of 2nd period - Snap shot by Rick Nash.
4:25 of 2nd period - Shot Misses the Net.
4:33 of 2nd period - Rick Nash is hit by Erik Johnson and loses puck.
4:50 of 2nd period - Slapshot by Steve Regier.
4:50 of 2nd period - Deflect By Colin Wilson.
4:50 of 2nd period - Stopped by Jimmy Howard with a rebound.
4:52 of 2nd period - Wrist shot by Colin Wilson.
4:52 of 2nd period - Shot Misses the Net.
4:54 of 2nd period - Slapshot by Erik Johnson.
4:54 of 2nd period - Stopped by Jimmy Howard with a rebound.
4:56 of 2nd period - Wrist shot by Erik Johnson.
4:56 of 2nd period - Shot Blocked by Derick Brassard.
4:58 of 2nd period - Snap shot by Peter Prucha.
4:58 of 2nd period - Shot Misses the Net.
5:00 of 2nd period - Wrist shot by Peter Prucha.
5:00 of 2nd period - Goal by Peter Prucha - Blackhawks : 2 - Flames : 3.
5:01 of 2nd period - Cody Hodgson wins face-off versus Eric Staal in neutral zone.
5:36 of 2nd period - Off-side.
5:37 of 2nd period - Rick Nash wins face-off versus Alexander Semin in neutral zone.
5:37 of 2nd period - Derick Brassard is hit by Derek Meech and loses puck.
6:12 of 2nd period - Wrist shot by Colin Wilson.
6:12 of 2nd period - Stopped by Jimmy Howard without a rebound.
6:13 of 2nd period - Eric Staal wins face-off versus Antoine Roussel in Blackhawks zone.
6:14 of 2nd period - Slapshot by Alexander Semin.
6:14 of 2nd period - Stopped by Jimmy Howard without a rebound.
6:15 of 2nd period - Cody Hodgson wins face-off versus Eric Staal in Blackhawks zone.
6:15 of 2nd period - Cody Hodgson is hit by Eric Staal.
6:21 of 2nd period - Wrist shot by Cody Hodgson.
6:21 of 2nd period - Shot Misses the Net.
7:03 of 2nd period - Slapshot by Tomas Fleischmann.
7:03 of 2nd period - Stopped by Jonas Gustavsson with a rebound.
7:05 of 2nd period - Wrist shot by Tomas Fleischmann.
7:05 of 2nd period - Stopped by Jonas Gustavsson without a rebound.
7:06 of 2nd period - Colin Wilson wins face-off versus Erik Christensen in Flames zone.
7:06 of 2nd period - Colin Wilson is hit by Brandon Yip.
7:11 of 2nd period - Off-side.
7:12 of 2nd period - Eric Staal wins face-off versus Derick Brassard in neutral zone.
7:19 of 2nd period - Off-side.
7:20 of 2nd period - Eric Staal wins face-off versus Derick Brassard in neutral zone.
7:49 of 2nd period - Matthew Spiller is hit by Eric Staal and loses puck.
8:01 of 2nd period - Minor Penalty to Alexander Semin for Hooking.
8:02 of 2nd period - Erik Christensen wins face-off versus Colin Wilson in Flames zone.
8:14 of 2nd period - Snap shot by Erik Christensen.
8:14 of 2nd period - Shot Misses the Net.
8:16 of 2nd period - Slapshot by John Carlson.
8:16 of 2nd period - Shot Misses the Net.
8:18 of 2nd period - Slapshot by Mike Green.
8:18 of 2nd period - Shot Blocked by Derek Meech.
8:50 of 2nd period - Brad Marchand is hit by Antoine Roussel.
9:04 of 2nd period - David Backes is hit by Chris Kreider and loses puck.
9:47 of 2nd period - Brandon Yip is hit by Mikhail Grabovski and loses puck.
10:01 of 2nd period - Penalty to Alexander Semin is over, Alexander Semin is back on ice.
10:17 of 2nd period - Backhand shot by Alexander Radulov.
10:17 of 2nd period - Stopped by Jimmy Howard with a rebound.
11:24 of 2nd period - Tomas Fleischmann is hit by Brendan Mikkelson and loses puck.
12:11 of 2nd period - Slapshot by Brendan Mikkelson.
12:11 of 2nd period - Shot Blocked by David Jones.
12:13 of 2nd period - Snap shot by Steve Regier.
12:13 of 2nd period - Shot Blocked by Gabriel Bourque.
12:43 of 2nd period - Snap shot by Tomas Fleischmann.
12:43 of 2nd period - Stopped by Jonas Gustavsson without a rebound.
12:44 of 2nd period - Erik Christensen wins face-off versus Patrik Berglund in Flames zone.
13:11 of 2nd period - Derick Brassard is hit by Tim Ramholt and loses puck.
13:27 of 2nd period - Icing by Rick Nash.
13:28 of 2nd period - Eric Staal wins face-off versus Cody Hodgson in Blackhawks zone.
13:37 of 2nd period - Alexander Radulov is hit by Antoine Roussel and loses puck.
14:20 of 2nd period - Wrist shot by Steve Regier.
14:20 of 2nd period - Deflect By Peter Prucha.
14:20 of 2nd period - Goal by Peter Prucha - Blackhawks : 2 - Flames : 4.
14:20 of 2nd period - Ray Emery enters game.
14:21 of 2nd period - Eric Staal wins face-off versus Derick Brassard in neutral zone.
14:30 of 2nd period - Wrist shot by Alexander Semin.
14:30 of 2nd period - Stopped by Ray Emery without a rebound.
14:31 of 2nd period - Derick Brassard wins face-off versus Eric Staal in Blackhawks zone.
14:31 of 2nd period - Derick Brassard is hit by Alexander Semin.
14:47 of 2nd period - John Carlson is hit by Alexander Semin and loses puck.
15:08 of 2nd period - Snap shot by Alexander Semin.
15:08 of 2nd period - Shot Misses the Net.
15:18 of 2nd period - Slapshot by Alexander Semin.
15:18 of 2nd period - Deflect By Eric Staal.
15:18 of 2nd period - Shot Misses the Net.
15:18 of 2nd period - Puck is out of play.
15:19 of 2nd period - Patrik Berglund wins face-off versus Cody Hodgson in Blackhawks zone.
15:21 of 2nd period - Minor Penalty to David Backes for Elbowing.
15:22 of 2nd period - Colin Wilson wins face-off versus Erik Christensen in Flames zone.
16:38 of 2nd period - Icing by John Carlson.
16:39 of 2nd period - Eric Staal wins face-off versus Erik Christensen in Blackhawks zone.
16:42 of 2nd period - Wrist shot by Eric Staal.
16:42 of 2nd period - Stopped by Ray Emery without a rebound.
16:43 of 2nd period - Eric Staal wins face-off versus Derick Brassard in Blackhawks zone.
16:58 of 2nd period - Snap shot by Derick Brassard.
16:58 of 2nd period - Stopped by Jonas Gustavsson with a rebound.
17:00 of 2nd period - Wrist shot by Chris Kreider.
17:00 of 2nd period - Shot Hit the Post.
17:21 of 2nd period - Penalty to David Backes is over, David Backes is back on ice.
17:28 of 2nd period - Wrist shot by Colin Wilson.
17:28 of 2nd period - Stopped by Ray Emery with a rebound.
17:30 of 2nd period - Snap shot by Colin Wilson.
17:30 of 2nd period - Stopped by Ray Emery with a rebound.
17:32 of 2nd period - Wrist shot by Brad Marchand.
17:32 of 2nd period - Stopped by Ray Emery with a rebound.
17:34 of 2nd period - Wrist shot by Colin Wilson.
17:34 of 2nd period - Stopped by Ray Emery without a rebound.
17:35 of 2nd period - Derick Brassard wins face-off versus Eric Staal in Blackhawks zone.
18:02 of 2nd period - Eric Brewer is hit by Patrik Berglund and loses puck.
19:56 of 2nd period - Steve Regier is hit by Rick Nash and loses puck.
Goals for this period are 1 for Blackhawks vs 3 for Flames.
Shots for this period are 8 for Blackhawks vs 14 for Flames.
3rd period
0:01 of 3rd period - Patrik Berglund wins face-off versus Chris Kreider in neutral zone.
0:40 of 3rd period - Wrist shot by David Backes.
0:40 of 3rd period - Deflect By Patrik Berglund.
0:40 of 3rd period - Shot Blocked by Eric Brewer.
0:40 of 3rd period - Puck is out of play.
0:41 of 3rd period - Eric Staal wins face-off versus Derick Brassard in Blackhawks zone.
0:42 of 3rd period - Slapshot by Alexander Semin.
0:42 of 3rd period - Stopped by Ray Emery with a rebound.
0:58 of 3rd period - Slapshot by Rick Nash.
0:58 of 3rd period - Stopped by Jonas Gustavsson without a rebound.
0:59 of 3rd period - Colin Wilson wins face-off versus Cody Hodgson in Flames zone.
1:32 of 3rd period - Matthew Spiller is hit by Patrik Berglund and loses puck.
1:37 of 3rd period - Slapshot by Patrik Berglund.
1:37 of 3rd period - Stopped by Ray Emery with a rebound.
1:47 of 3rd period - Brandon Yip is hit by Eric Staal.
1:53 of 3rd period - Snap shot by Alexander Semin.
1:53 of 3rd period - Stopped by Ray Emery with a rebound.
2:07 of 3rd period - David Jones is hit by Kyle Palmieri and loses puck.
2:16 of 3rd period - Snap shot by Mikhail Grabovski.
2:16 of 3rd period - Goal by Mikhail Grabovski - Blackhawks : 2 - Flames : 5.
2:17 of 3rd period - Derick Brassard wins face-off versus Patrik Berglund in neutral zone.
2:20 of 3rd period - Slapshot by John Carlson.
2:20 of 3rd period - Stopped by Jonas Gustavsson without a rebound.
2:21 of 3rd period - Patrik Berglund wins face-off versus Derick Brassard in Flames zone.
2:38 of 3rd period - Snap shot by David Backes.
2:38 of 3rd period - Shot Misses the Net.
2:52 of 3rd period - Wrist shot by Steve Regier.
2:52 of 3rd period - Shot Misses the Net.
3:15 of 3rd period - John Carlson is hit by Derek Meech and loses puck.
3:54 of 3rd period - Slapshot by John Carlson.
3:54 of 3rd period - Shot Misses the Net.
3:56 of 3rd period - Slapshot by John Carlson.
3:56 of 3rd period - Deflect By Gabriel Bourque.
3:56 of 3rd period - Stopped by Jonas Gustavsson with a rebound.
3:58 of 3rd period - Snap shot by Mike Green.
3:58 of 3rd period - Stopped by Jonas Gustavsson with a rebound.
4:00 of 3rd period - Slapshot by John Carlson.
4:00 of 3rd period - Shot Blocked by Patrik Berglund.
4:14 of 3rd period - Snap shot by Cody Hodgson.
4:14 of 3rd period - Shot Misses the Net.
4:16 of 3rd period - Slapshot by Matthew Spiller.
4:16 of 3rd period - Shot Misses the Net.
4:18 of 3rd period - Slapshot by Eric Brewer.
4:18 of 3rd period - Stopped by Jonas Gustavsson without a rebound.
4:19 of 3rd period - Eric Staal wins face-off versus Erik Christensen in Flames zone.
4:26 of 3rd period - Wrist shot by Brandon Yip.
4:26 of 3rd period - Deflect By Erik Christensen.
4:26 of 3rd period - Shot Misses the Net.
4:26 of 3rd period - Puck is out of play.
4:27 of 3rd period - Eric Staal wins face-off versus Brandon Yip in Flames zone.
4:38 of 3rd period - Slapshot by Erik Christensen.
4:38 of 3rd period - Stopped by Jonas Gustavsson with a rebound.
5:38 of 3rd period - Icing by Steve Eminger.
5:39 of 3rd period - Derick Brassard wins face-off versus Mikhail Grabovski in Flames zone.
6:21 of 3rd period - Wrist shot by Rick Nash.
6:21 of 3rd period - Stopped by Jonas Gustavsson with a rebound.
6:29 of 3rd period - Wrist shot by Mikhail Grabovski.
6:29 of 3rd period - Deflect By Derick Brassard.
6:29 of 3rd period - Stopped by Ray Emery without a rebound.
6:30 of 3rd period - Eric Staal wins face-off versus Cody Hodgson in Blackhawks zone.
6:53 of 3rd period - Matthew Spiller is hit by Alexander Semin and loses puck.
7:10 of 3rd period - Wrist shot by Alexander Radulov.
7:10 of 3rd period - Stopped by Ray Emery without a rebound.
7:11 of 3rd period - Erik Christensen wins face-off versus Patrik Berglund in Blackhawks zone.
7:38 of 3rd period - Colin Wilson is hit by Mike Green and loses puck.
8:11 of 3rd period - Slapshot by Brendan Mikkelson.
8:11 of 3rd period - Deflect By David Ullstrom.
8:11 of 3rd period - Shot Blocked by Seth Jones.
8:11 of 3rd period - Puck is out of play.
8:12 of 3rd period - Cody Hodgson wins face-off versus Eric Staal in Blackhawks zone.
8:39 of 3rd period - David Backes is hit by Chris Kreider and loses puck.
9:00 of 3rd period - Matthew Spiller is hit by David Ullstrom and loses puck.
9:25 of 3rd period - Snap shot by Alexander Semin.
9:25 of 3rd period - Shot Misses the Net.
9:27 of 3rd period - Snap shot by Eric Staal.
9:27 of 3rd period - Shot Hit the Post.
9:29 of 3rd period - Snap shot by Alexander Semin.
9:29 of 3rd period - Deflect By Alexander Radulov.
9:29 of 3rd period - Shot Misses the Net.
9:29 of 3rd period - Puck is out of play.
9:30 of 3rd period - Cody Hodgson wins face-off versus Eric Staal in Blackhawks zone.
9:30 of 3rd period - Cody Hodgson is hit by Eric Staal.
10:11 of 3rd period - Minor Penalty to Brad Marchand for Interference.
10:12 of 3rd period - Derick Brassard wins face-off versus Colin Wilson in Flames zone.
10:38 of 3rd period - Antoine Roussel is hit by Mikhail Grabovski and loses puck.
11:07 of 3rd period - John Carlson is hit by David Backes and loses puck.
12:11 of 3rd period - Penalty to Brad Marchand is over, Brad Marchand is back on ice.
12:24 of 3rd period - David Backes is hit by Gabriel Bourque and loses puck.
12:31 of 3rd period - David Jones is hit by David Backes and loses puck.
12:42 of 3rd period - Snap shot by David Jones.
12:42 of 3rd period - Shot Blocked by Kyle Palmieri.
12:44 of 3rd period - Snap shot by Brandon Yip.
12:44 of 3rd period - Goal by Brandon Yip - Blackhawks : 3 - Flames : 5.
12:45 of 3rd period - Eric Staal wins face-off versus Nathan Horton in neutral zone.
12:48 of 3rd period - Antoine Roussel is hit by Alexander Semin and loses puck.
13:01 of 3rd period - Slapshot by Eric Staal.
13:01 of 3rd period - Goal by Eric Staal - Blackhawks : 3 - Flames : 6.
13:02 of 3rd period - Eric Staal wins face-off versus Derick Brassard in neutral zone.
13:05 of 3rd period - Snap shot by Erik Johnson.
13:05 of 3rd period - Deflect By Derick Brassard.
13:05 of 3rd period - Stopped by Ray Emery with a rebound.
13:07 of 3rd period - Slapshot by Steve Eminger.
13:07 of 3rd period - Stopped by Ray Emery without a rebound.
13:08 of 3rd period - Eric Staal wins face-off versus Derick Brassard in Blackhawks zone.
13:17 of 3rd period - Slapshot by Alexander Radulov.
13:17 of 3rd period - Shot Misses the Net.
13:19 of 3rd period - Snap shot by Alexander Radulov.
13:19 of 3rd period - Shot Misses the Net.
13:21 of 3rd period - Snap shot by Eric Staal.
13:21 of 3rd period - Shot Misses the Net.
13:43 of 3rd period - Wrist shot by David Backes.
13:43 of 3rd period - Goal by David Backes - Blackhawks : 3 - Flames : 7.
13:44 of 3rd period - Derick Brassard wins face-off versus Eric Staal in neutral zone.
13:47 of 3rd period - Snap shot by Mike Green.
13:47 of 3rd period - Stopped by Jonas Gustavsson with a rebound.
13:49 of 3rd period - Wrist shot by Chris Kreider.
13:49 of 3rd period - Shot Blocked by Erik Johnson.
13:51 of 3rd period - Snap shot by Rick Nash.
13:51 of 3rd period - Shot Misses the Net.
13:53 of 3rd period - Slapshot by Mike Green.
13:53 of 3rd period - Shot Blocked by Erik Johnson.
13:55 of 3rd period - Wrist shot by Derick Brassard.
13:55 of 3rd period - Shot Blocked by Erik Johnson.
13:57 of 3rd period - Slapshot by John Carlson.
13:57 of 3rd period - Shot Blocked by Erik Johnson.
14:11 of 3rd period - Mike Green is hit by Sami Vatanen and loses puck.
14:18 of 3rd period - Wrist shot by Cody Hodgson.
14:18 of 3rd period - Stopped by Jonas Gustavsson with a rebound.
14:20 of 3rd period - Slapshot by Matthew Spiller.
14:20 of 3rd period - Shot Misses the Net.
14:22 of 3rd period - Snap shot by Cody Hodgson.
14:22 of 3rd period - Shot Blocked by Brad Marchand.
14:37 of 3rd period - Icing by Matthew Spiller.
14:38 of 3rd period - Colin Wilson wins face-off versus Brandon Yip in Blackhawks zone.
15:01 of 3rd period - Wrist shot by Brandon Yip.
15:01 of 3rd period - Shot Blocked by Derek Meech.
15:23 of 3rd period - Backhand shot by Colin Wilson.
15:23 of 3rd period - Stopped by Ray Emery with a rebound.
15:25 of 3rd period - Minor Penalty to Eric Brewer for Holding.
15:26 of 3rd period - Eric Staal wins face-off versus Derick Brassard in Blackhawks zone.
15:31 of 3rd period - Snap shot by Alexander Radulov.
15:31 of 3rd period - Stopped by Ray Emery without a rebound.
15:32 of 3rd period - Derick Brassard wins face-off versus Eric Staal in Blackhawks zone.
17:20 of 3rd period - Seth Jones is hit by Alexander Semin and loses puck.
17:25 of 3rd period - Penalty to Eric Brewer is over, Eric Brewer is back on ice.
17:36 of 3rd period - John Carlson is hit by Steve Regier and loses puck.
18:39 of 3rd period - David Backes is hit by Antoine Roussel and loses puck.
19:02 of 3rd period - Steve Eminger is hit by Gabriel Bourque.
19:06 of 3rd period - Peter Prucha is hit by Matthew Spiller and loses puck.
19:19 of 3rd period - Nathan Horton is hit by Steve Eminger and loses puck.
19:32 of 3rd period - Alexander Radulov is hit by Chris Kreider and loses puck.
19:57 of 3rd period - Kyle Palmieri is hit by John Carlson and loses puck.
Goals for this period are 1 for Blackhawks vs 3 for Flames.
Shots for this period are 10 for Blackhawks vs 12 for Flames.
Back to the Top